 Dungeon Crawl Stone Soup version 0.29.1-15-g9cfb28693d (webtiles) character file.

Game seed: 10569838933563093870

18 Peloso the Covered (level 2, 27/27 HPs)
             Began as a Minotaur Fighter on Feb 23, 2023.
             Got out of the dungeon alive.
             The game lasted 00:00:50 (247 turns).

Peloso the Covered (Minotaur Fighter)                Turns: 247, Time: 00:00:51

Health: 27/27      AC:  8    Str: 20    XL:     2   Next: 48%
Magic:  1/1        EV:  9    Int:  5    God:
Gold:   11         SH:  4    Dex:  9    Spells: 1/1 levels left

rFire   . . .      SeeInvis .   a - +0 long sword
rCold   . . .      Faith    .   c - +0 buckler
rNeg    . . .      Spirit   .   b - +0 scale mail
rPois   .          Reflect  .   (helmet restricted)
rElec   .          Harm     .   (no cloak)
rCorr   .          Rampage  .   (no gloves)
Will    .....                   (no boots)
Stlth   ..........              (no amulet)
HPRegen 0.09/turn               (no ring)
MPRegen 0.07/turn               (no ring)

@: no status effects
A: horns 2, retaliatory headbutt, shaggy fur 1, inability to read after injury 1
a: no special abilities


You escaped.
You visited 1 branch of the dungeon, and saw 1 of its levels.

You collected 11 gold pieces.

Inventory:

Hand Weapons
 a - a +0 long sword (weapon)
Armour
 b - a +0 scale mail (worn)
 c - a +0 buckler (worn)
Jewellery
 h - an amulet of regeneration
Scrolls
 e - a scroll of poison {unknown}
 f - a scroll of identify {unknown}
Potions
 d - a potion of might
 g - a potion of lignification {unknown}


   Skills:
 + Level 3.9 Fighting
 + Level 2.8 Long Blades
 + Level 4.0 Armour
 + Level 3.9 Shields


You had one spell level left.
You didn't know any spells.
Your spell library contained the following spells:

 Spells                   Type           Power      Damage    Failure   Level
 Corpse Rot               Necr/Pois/Air  0%         N/A       100%        4
 Dispel Undead            Necr           0%         3d6       100%        4
 Death Channel            Necr           0%         N/A       100%        6


Dungeon Overview and Level Annotations

Branches:
Dungeon (1/15)

Altars:


Innate Abilities, Weirdness & Mutations

You have a pair of horns on your head.
You reflexively headbutt those who attack you in melee.
You are covered in fur. (AC +1)
You occasionally lose the ability to read scrolls when taking damage.


Message History

You kill the endoplasm!
You block the kobold's attack.
You hit the goblin.
You kill the goblin!
You block the kobold's attack. The kobold hits you but does no damage.
Unknown command.
You hit the rat.
You kill the rat!
You block the kobold's attack.
Your Armour skill increases to level 4!
You closely miss the kobold. You headbutt the kobold.
You kill the kobold!
The kobold closely misses you.
You barely miss the kobold. Your headbutt misses the kobold.
The kobold hits you but does no damage. x2; The kobold misses you.
The kobold hits you but does no damage.
You hit the kobold. You headbutt the kobold.
You kill the kobold!
The kobold hits you but does no damage.
Found a scroll labelled CATICOUCKE.
The kobold completely misses you.
Items here: " ( ))) ††.
You miss the kobold. The kobold hits you but does no damage.
You hit the kobold.
You kill the kobold!
Things that are here:
a +0 short sword; 4 stones
h - an amulet of regeneration
Items here: ( ))) ††.
Found a stone staircase leading down.
You now have 11 gold pieces.
i - a purple potion It was a potion of mutation.
You feel extremely strange.
You occasionally lose the ability to read scrolls when taking damage.
Fur sprouts all over your body.
(D) Dungeon
Where to? (? - help)
What level of the Dungeon? (default 1, ? - help)
There is a staircase leading out of the dungeon here.
Are you sure you want to leave the Dungeon?
This will make you lose the game!
You have escaped!

......##........###.(.....#
...[...............#......#
....................#.....#
.....................#....#
.....................#....#
...........#.........#....#
.........#..##.....#.....#
........#..#.......#.....#
.......#...@......#.....#
.......#........#.....##
........##....##......#
..........####........#
......................#
......................#
......................#
#######################


There were no monsters in sight!

Vanquished Creatures
  A dart slug (D:1)
  A bat (D:1)
  3 endoplasms (D:1)
  A giant cockroach (D:1)
  2 goblins (D:1)
  3 kobolds (D:1)
  3 rats (D:1)
14 creatures vanquished.

Notes
Turn   | Place    | Note
-------+----------+-------------------------------------------
     0 | D:1      | Peloso the Minotaur Fighter began the quest for the Orb.
     0 | D:1      | Reached XP level 1. HP: 19/19 MP: 0/0
   117 | D:1      | Reached XP level 2. HP: 27/27 MP: 1/1
   213 | D:1      | Reached skill level 4 in Armour
   228 | D:1      | Gained mutation: You occasionally lose the ability to read
                  | scrolls when taking damage. [potion of mutation]
   228 | D:1      | Gained mutation: You are covered in fur. (AC +1) [potion of
                  | mutation]
   247 | D:$      | Got out of the dungeon alive.

Illustrated notes

Levels and vault maps discovered:
D:1:      dpeg_arrival_solitude, layout_basic,
          hellmonk_ecumenical_altar_watching_god

Skill      XL: |  1  2 |
---------------+-------+-----
Armour         | 4 |  4.0
Fighting       | |  3.9
Long Blades    | |  2.8
Shields        | |  3.9

Action                   || total
-------------------------++-------
Melee: Long sword        ||    32
       Headbutt          ||     4
  Use: Potion            ||     1
Armor: Scale mail        ||    30
Dodge: Dodged            ||    18
Block: Buckler           ||    10
